 Dungeon Crawl Stone Soup version 0.28-a0-683-ga8797d1ae1 (webtiles) character file.

Game seed: 6848853097266955773

3627 pokeman the Thaumaturge (level 9, -1/48 HPs)
             Began as a Deep Elf Hedge Wizard on Oct 18, 2021.
             Killed from afar by a steam dragon (13 damage)
             ... with a ball of steam
             ... on level 7 of the Dungeon.
             The game lasted 00:20:25 (8715 turns).

pokeman the Thaumaturge (Deep Elf Hedge Wizard)     Turns: 8715, Time: 00:20:26

Health: -1/48      AC:  6    Str: 10    XL:     9   Next: 87%
Magic:  21/27      EV: 13    Int: 23    God:
Gold:   261        SH:  0    Dex: 14    Spells: 9/32 levels left

rFire   . . .      SeeInvis .   D - +6 long sword "Eguppa" {elec, Contam +Blink rPois Str+3}
rCold   . . .      Faith    .   (no shield)
rNeg    + . .      Spirit   .   f - +0 leather armour
rPois   +          Reflect  .   l - +1 hat
rElec   .          Harm     .   o - +0 cloak {Will+}
rCorr   .          Rampage  .   A - +0 pair of gloves
Will    +....                   (no boots)
Stlth   ++........              (no amulet)
HPRegen 0.16/turn               d - ring of positive energy
MPRegen 0.20/turn               r - ring of poison resistance

@: no status effects
A: no striking features
a: Evoke Blink


You were on level 7 of the Dungeon.
You visited 1 branch of the dungeon, and saw 8 of its levels.

You collected 261 gold pieces.

Inventory:

Hand Weapons
 D - the +6 long sword "Eguppa" (weapon) {elec, Contam +Blink rPois Str+3}
   (You found it on level 7 of the Dungeon)

   It occasionally discharges a powerful burst of electricity upon striking a
   foe.
   Str:       It affects your strength (+3).
   rPois:     It protects you from poison.
   +Blink:    It lets you blink.
   Contam:    It causes magical contamination when unequipped.
Missiles
 h - 42 bolts
 q - a throwing net
 s - 17 arrows
Armour
 f - a +0 leather armour (worn)
 l - a +1 hat (worn)
 o - a +0 cloak of willpower (worn)
 A - a +0 pair of gloves (worn)
Magical Staves
 E - a staff of air
Jewellery
 d - a ring of positive energy (left hand)
 r - a ring of poison resistance (right hand)
Wands
 t - a wand of acid (2)
 B - a wand of polymorph (5)
Scrolls
 b - 8 scrolls of identify {unknown}
 c - a scroll of fear {unknown}
 g - 4 scrolls of enchant armour {unknown}
 k - a scroll of blinking {unknown}
 p - a scroll of silence {unknown}
 w - a scroll of amnesia {unknown}
 x - a scroll of teleportation {unknown}
 y - a scroll of fog {unknown}
 C - a scroll of noise {unknown}
Potions
 a - a potion of lignification {unknown}
 e - 6 potions of flight {unknown}
 i - a potion of haste {unknown}
 j - a potion of heal wounds {unknown}
 m - 2 potions of ambrosia {unknown}
 n - 5 potions of might {unknown}
 v - a potion of cancellation {unknown}
 z - a potion of curing {unknown}


   Skills:
 + Level 2.3 Fighting
 - Level 3.0 Armour
 - Level 5.1 Dodging
 - Level 3.2 Stealth
 * Level 12.4 Spellcasting
 + Level 6.9 Conjurations
 - Level 4.0 Summonings
 - Level 1.1 Translocations
 + Level 2.5 Fire Magic
 - Level 3.2 Air Magic
 - Level 1.0 Poison Magic
 - Level 1.2 Evocations


You had 9 spell levels left.
You knew the following spells:

 Your Spells              Type           Power      Damage    Failure   Level
a - Magic Dart            Conj           100%       1d8       1%          1
b - Mephitic Cloud        Conj/Pois/Air  31%        N/A       3%          3
c - Call Imp              Summ           33%        N/A       1%          2
d - Blink                 Tloc           N/A        N/A       5%          2
e - Conjure Flame         Conj/Fire      36%        6-21      2%          3
f - Fireball              Conj/Fire      18%        3d9       22%         5
g - Orb of Destruction    Conj           23%        9d10      95%         7

Your spell library contained the following spells:

 Spells                   Type           Power      Damage    Failure   Level
 Corpse Rot               Necr/Air       42%        N/A       4%          2
 Animate Skeleton         Necr           28%        N/A       6%          1
 Pain                     Necr           56%        1d6       6%          1
 Slow                     Hex            14%        N/A       9%          2
 Sublimation of Blood     Necr           7%         N/A       9%          2
 Wereblood                Tmut           14%        N/A       9%          2
 Iskenderun's Battlesphe  Conj           46%        2d10      9%          5
 Vampiric Draining        Necr           7%         2d7       17%         3
 Dispel Undead            Necr           14%        3d10      50%         4
 Conjure Ball Lightning   Conj/Air       18%        3x3d6     73%         6
 Death Channel            Necr           7%         N/A       100%        6
 Summon Hydra             Summ           16%        N/A       100%        7


Dungeon Overview and Level Annotations

Branches:
Dungeon (8/15)
 Temple: D:4-7         Lair: D:8-11

Altars:
Cheibriados
Dithmenos
Fedhas
Ru

Shops:
D:3 =

Annotations:
D:3 3 runed translucent doors, Fateal's ghost, amateur OpTm


Message History

Aim: a steam dragon (chance to affect: 81%)
You miscast Mephitic Cloud.
You are very lightly contaminated with residual magic.
Nothing appears to happen.
The steam dragon breathes steam at you. The ball of steam hits you!
* * * LOW HITPOINT WARNING * * *
You hear a shout!
Unknown command.
The gargoyle hurls a stone arrow at you.
The stone arrow misses you.
Casting: Mephitic Cloud (dangerous; 3% risk of failure)
Confirm with . or Enter, or press ? or * to list all spells.
Aiming: Mephitic Cloud (dangerous; 3% risk of failure)
Press: ? - help, Shift-Dir - straight line, f/p - steam dragon
Aim: a steam dragon (catching its breath, chance to affect: 81%)
The ball explodes into a vile cloud!
The stinking cloud engulfs the steam dragon but does no damage.
You hear a shout!
The steam dragon is engulfed in noxious fumes.
The steam dragon appears confused.
Unknown command.
A white imp comes into view.
The gargoyle hurls a stone arrow at you.
The stone arrow misses you.
Your magical contamination has completely faded away.
The steam dragon seems less confused.
The white imp spits at you.
Casting: Mephitic Cloud (dangerous; 3% risk of failure)
Confirm with . or Enter, or press ? or * to list all spells.
A shadowy apparition takes form in the air.
You swap places.
The gargoyle hurls a stone arrow at you.
The stone arrow hits your shadow imp!
Your shadow imp dies!
Your shadow imp disappears in a puff of smoke!
You see here a black bear skeleton.
The steam dragon breathes steam at you. The ball of steam hits you!
You die...

...........#.#
....##...
.#########.5.##
#...#..### ###.D#
#..#..#. ##÷##
#..#.#. ####9.#
###.#.#. #...#§##
#...#§.# #...##§#
#...##@## #...##..# .
#######...###<# ..#
#.........###.##.....
#.................#
#.........##.#..#.#
#.........##.#..#.#
#.........)#....#.#
#........#.####.#.#


There were no monsters in sight!

Vanquished Creatures
  A hydra (D:8)
  Pikel (D:4)
  Grinder (D:5)
  A wraith (D:7)
  A wyvern (D:8)
  Sigmund (D:6)
  A steam dragon (D:6)
  A water moccasin (D:5)
  2 black bears
  2 sky beasts
  An ogre (D:5)
  3 orc warriors (D:8)
  A lemure (D:4)
  A bullfrog (D:6)
  A scorpion (D:6)
  A wyvern skeleton (D:6)
  3 wights (D:7)
  A bullfrog zombie (D:5)
  A jelly (D:5)
  A centaur skeleton (D:6)
  2 hounds
  An orc priest (D:8)
  3 bullfrog skeletons
  Terence (D:3)
  An orc wizard (D:8)
  6 gnolls
  9 adders
  An ufetubus (D:5)
  3 adder skeletons (D:4)
  2 worms
  13 orcs
  7 bats
  6 endoplasms
  2 giant cockroaches
  6 goblins
  5 hobgoblins
  4 jackals
  3 quokkas
  12 ball pythons
  2 frilled lizards
  11 kobolds
  2 rats (D:2)
128 creatures vanquished.

Vanquished Creatures (collateral kills)
  A gnoll sergeant (D:6)
  A gnoll (D:6)
2 creatures vanquished.

Vanquished Creatures (others)
  A plant (D:3)
1 creature vanquished.

Grand Total: 131 creatures vanquished

Notes
Turn   | Place    | Note
-------+----------+-------------------------------------------
     0 | D:1      | pokeman the Deep Elf Hedge Wizard began the quest for the
                  | Orb.
     0 | D:1      | Reached XP level 1. HP: 10/10 MP: 7/7
   399 | D:1      | Reached XP level 2. HP: 15/15 MP: 6/9
  1595 | D:2      | You fall into a shaft and drop 1 floor!
  1595 | D:3      | Noticed Terence
  1790 | D:1      | Reached skill level 5 in Spellcasting
  2120 | D:2      | Reached XP level 3. HP: 7/20 MP: 2/11
  2124 | D:2      | Learned a level 3 spell: Mephitic Cloud
  2127 | D:2      | Learned a level 2 spell: Call Imp
  2130 | D:2      | Learned a level 2 spell: Blink
  2134 | D:2      | Learned a level 3 spell: Conjure Flame
  2962 | D:3      | Reached skill level 1 in Armour
  3026 | D:3      | Found a runed translucent gate.
  3026 | D:3      | Found a runed translucent gate.
  3047 | D:3      | Noticed Fateal's ghost (amateur OpTm)
  3050 | D:3      | Reached skill level 1 in Fighting
  3087 | D:3      | Killed Terence
  3088 | D:3      | Reached XP level 4. HP: 25/25 MP: 4/13
  3299 | D:3      | Found Ymut's Jewellery Shoppe.
  3423 | D:3      | Reached skill level 1 in Fire Magic
  3744 | D:3      | Found a runed translucent gate.
  4079 | D:4      | Found a blossoming altar of Fedhas.
  4107 | D:4      | Found a snail-covered altar of Cheibriados.
  4113 | D:4      | Reached XP level 5. HP: 29/29 MP: 10/15
  4119 | D:4      | Reached skill level 6 in Spellcasting
  4366 | D:4      | Noticed a lemure
  4370 | D:4      | Noticed a lemure
  4370 | D:4      | Noticed a lemure
  4370 | D:4      | Noticed a lemure
  4370 | D:4      | Noticed Pikel
  4389 | D:4      | Killed a lemure
  4622 | D:4      | Found a shadowy altar of Dithmenos.
  4654 | D:4      | Killed Pikel
  4655 | D:4      | Reached skill level 7 in Spellcasting
  4655 | D:4      | Reached XP level 6. HP: 30/34 MP: 6/18
  4655 | D:4      | Reached XP level 7. HP: 34/38 MP: 6/20
  4788 | D:4      | Reached skill level 8 in Spellcasting
  4928 | D:4      | Found a sacrificial altar of Ru.
  5413 | D:5      | Entered Level 5 of the Dungeon
  5707 | D:5      | Noticed Grinder
  5730 | D:5      | Killed Grinder
  5731 | D:5      | Reached skill level 5 in Dodging
  5855 | D:5      | Reached skill level 9 in Spellcasting
  5855 | D:5      | Reached XP level 8. HP: 43/43 MP: 19/23
  5860 | D:5      | Reached skill level 1 in Poison Magic
  6320 | D:5      | Reached skill level 5 in Conjurations
  6320 | D:5      | Reached skill level 1 in Evocations
  6653 | D:6      | Reached skill level 10 in Spellcasting
  7079 | D:6      | Noticed Sigmund
  7084 | D:6      | Killed Sigmund
  7085 | D:6      | Reached XP level 9. HP: 46/48 MP: 15/25
  7149 | D:6      | You fall into a shaft and drop 2 floors!
  7189 | D:8      | Noticed a five-headed hydra
  7202 | D:8      | Killed a five-headed hydra
  7203 | D:8      | Reached skill level 11 in Spellcasting
  7488 | D:8      | Learned a level 5 spell: Fireball
  7496 | D:8      | Learned a level 7 spell: Orb of Destruction
  7963 | D:7      | Reached skill level 12 in Spellcasting
  8677 | D:7      | Identified the +6 long sword "Eguppa" {elec, Contam +Blink
                  | rPois Str+3}
  8692 | D:7      | Noticed a gargoyle
  8715 | D:7      | Killed from afar by a steam dragon

Illustrated notes

Levels and vault maps discovered:
D:1:      ebering_trefoil_3fold, layout_basic, serial_forest,
          infiniplex_forest_lined_2, infiniplex_forest_straight_4,
          infiniplex_forest_lined_ring, infiniplex_forest_clump_long,
          infiniplex_forest_clump_cross, infiniplex_forest_side_room,
          infiniplex_forest_clump_medium, infiniplex_forest_end_1,
          infiniplex_forest_end_1, dk_noncrumbling_3
D:2:      layout_rooms, chequers_jeans
D:3:      layout_rooms, serial_shops, nicolae_diamond_shop,
          gammafunk_ghost_split, saegor_snake_ambush, uniq_terence
D:4:      layout_basic, nicolae_dithmenos_the_darkroom,
          mainiacjoe_overflow_catwalk_spiral, lemuel_round_altar, minivault_4,
          fountainhead, uniq_pikel
D:5:      layout_rooms, st_stairs_7, roderic_serpentine_path, uniq_grinder
D:6:      layout_basic, lemuel_doored_altar, kennysheep_pointless_box,
          uniq_blork_the_orc, uniq_sigmund, uniq_maggie, uniq_crazy_yiuf_cottage
D:7:      lemuel_slime, layout_basic, eat_drink_and_be_merry_uskayaw,
          minmay_temple_entry_steel_oval, nrook_uturn, minmay_checkerbox
D:8:      layout_basic, uniq_prince_ribbit1

Skill      XL: |  1  2  3  4  5  6  7  8  9 |
---------------+----------------------------+-----
Spellcasting   | 5 7 9 10 12 | 12.4
Conjurations   | 2 3 4 5 6 |  6.9
Armour         | 1 3 |  3.0
Fighting       | 1 2 |  2.3
Fire Magic     | 1 2 |  2.5
Dodging        | 3 4 5 |  5.1
Air Magic      | 2 3 |  3.2
Poison Magic   | 1 |  1.0
Stealth        | 3 |  3.2
Evocations     | 1 |  1.2
Summonings     | 2 4 |  4.0
Translocations | |  1.1

Action                   |  1- 3 |  4- 6 |  7- 9 || total
-------------------------+-------+-------+-------++-------
Melee: Dagger            |     2 |       |       ||     2
       Falchion          |       |     3 |       ||     3
       Short sword       |       |    10 |     2 ||    12
       Whip              |       |       |    46 ||    46
 Cast: Magic Dart        |   129 |    79 |   202 ||   410
       Conjure Flame     |     1 |     2 |    24 ||    27
       Mephitic Cloud    |     1 |     2 |    18 ||    21
       Call Imp          |       |     3 |     6 ||     9
       Blink             |       |       |     4 ||     4
Evoke: Wand              |       |       |     3 ||     3
 Stab: Confused          |       |     2 |     1 ||     3
Armor: Leather armour    |    12 |    10 |    14 ||    36
Dodge: Dodged            |    26 |    33 |    48 ||   107

Table legend: (Time is in decaauts)
 A = Elapsed time spent in this place.
 B = Non-inter-level travel time spent in this place.
 C = Inter-level travel time spent in this place.
 D = Time resting spent in this place.
 E = Time spent auto-exploring this place.
 F = Levels seen in this place.
 G = Mean time per level.
                   A        B        C        D        E       F      G
               +--------+--------+--------+--------+--------+-----+--------+
         Total |   8756 |   8505 |    251 |   1290 |   5848 |   8 | 1094.5 |
       Dungeon |   8756 |   8505 |    251 |   1290 |   5848 |   8 | 1094.5 |
               +--------+--------+--------+--------+--------+-----+--------+

Top non-repeatable levels by time:
     D:1: 1480 daAuts
     D:2: 1469 daAuts
     D:3: 1278 daAuts
     D:4: 1214 daAuts
     D:5: 1050 daAuts
     D:8: 810 daAuts
     D:7: 764 daAuts
     D:6: 687 daAuts
